[ AOE2 MATCH · #507363376 ]
UnrankedPersians vs Wei
Player's team · LOSS
Rival team · WIN
[ REPLAY ANALYSIS · EXTRACTED FROM THE RECORDED GAME ]
Feudal
8:28
Castle
24:14
Imperial
—
| APM avg | 50.4 |
| APM peak | 90 |
| eAPM avg | 20.1 |
| Villagers / military | 101 / 61 |
Focus
⚔️ 30.7% · 🌾 69.3%
Cavalry Archer ×23 · Archer ×16 · Scout Cavalry ×12 · Camel Scout ×4 · Battering Ram ×3 · Knight ×2
Feudal
9:41
Castle
24:17
Imperial
37:45
| APM avg | 29.6 |
| APM peak | 92 |
| eAPM avg | 16.8 |
| Villagers / military | 70 / 17 |
Focus
⚔️ 30.7% · 🌾 69.3%
Unknown (1952) ×54 · Skirmisher ×11 · Unknown (1949) ×6 · Archer ×4 · Unknown (1942) ×3 · Spearman ×2
Match map
Initial resources + every placement click. Lines = walls · curves = elevation contours. ◆ gold · ⬟ stone · ● berries · ✦ relic · ◌ wall gap
Your base· Open — unwalled flank
Mitch's base· Open — 7t gap
Smoothed initial terrain · ◌ = detected wall gap · hover for details
Inputs per minute
— Skunk77 - - Mitch
Build order — Skunk77
First 150 of 288 actions detected
| 0:00 | Queue | Villager (Male) |
| 0:00 | Queue | Villager (Male) |
| 0:01 | Queue | Villager (Male) |
| 0:02 | Build | House |
| 0:03 | Build | House |
| 1:00 | Queue | Villager (Male) |
| 1:00 | Queue | Villager (Male) |
| 1:27 | Queue | Villager (Male) |
| 1:53 | Queue | Villager (Male) |
| 2:00 | Build | Lumber Camp |
| 2:20 | Queue | Villager (Male) |
| 2:49 | Queue | Villager (Male) |
| 2:49 | Queue | Villager (Male) |
| 3:18 | Build | House |
| 3:19 | Build | House |
| 3:23 | Queue | Villager (Male) |
| 3:27 | Queue | Villager (Male) |
| 3:40 | Build | Mill |
| 3:46 | Queue | Villager (Male) |
| 3:46 | Queue | Villager (Male) |
| 4:10 | Queue | Villager (Male) |
| 5:01 | Queue | Villager (Male) |
| 5:23 | Queue | Villager (Male) |
| 5:23 | Research | Loom |
| 6:24 | Research | Feudal Age |
| 7:08 | Build | Barracks |
| 7:28 | Queue | Villager (Male) |
| 8:28 | Age | Feudal Age |
| 8:29 | Build | Stable |
| 8:33 | Research | Double-Bit Axe |
| 8:40 | Queue | Villager (Male) |
| 8:49 | Build | House |
| 9:02 | Research | Horse Collar |
| 9:06 | Queue | Villager (Male) |
| 9:16 | Build | Palisade Wall |
| 9:17 | Queue | Scout Cavalry |
| 9:17 | Queue | Scout Cavalry |
| 9:27 | Queue | Villager (Male) |
| 9:38 | Queue | Villager (Male) |
| 10:06 | Build | Lumber Camp |
| 10:19 | Queue | Villager (Male) |
| 10:22 | Build | Farm |
| 10:31 | Queue | Scout Cavalry |
| 10:35 | Build | Farm |
| 10:40 | Build | Farm |
| 10:43 | Queue | Villager (Male) |
| 11:03 | Queue | Villager (Male) |
| 11:15 | Build | Archery Range |
| 11:24 | Queue | Villager (Male) |
| 11:28 | Build | Mining Camp |
| 11:36 | Queue | Villager (Male) |
| 11:57 | Build | House |
| 12:00 | Research | Town Watch |
| 12:01 | Queue | Villager (Male) |
| 12:05 | Build | House |
| 12:07 | Queue | Archer |
| 12:19 | Queue | Villager (Male) |
| 12:42 | Queue | Villager (Male) |
| 12:53 | Build | Mining Camp |
| 13:07 | Queue | Archer |
| 13:13 | Build | Watch Tower |
| 13:25 | Queue | Villager (Male) |
| 13:34 | Queue | Archer |
| 13:38 | Queue | Villager (Male) |
| 13:40 | Build | Blacksmith |
| 13:51 | Build | Farm |
| 14:03 | Queue | Archer |
| 14:10 | Queue | Villager (Male) |
| 14:12 | Build | Farm |
| 14:20 | Build | House |
| 14:33 | Queue | Scout Cavalry |
| 14:33 | Queue | Scout Cavalry |
| 14:36 | Build | House |
| 14:40 | Queue | Villager (Male) |
| 14:48 | Queue | Archer |
| 14:53 | Queue | Villager (Male) |
| 14:55 | Build | Farm |
| 14:58 | Build | Farm |
| 15:01 | Research | Gold Mining |
| 15:17 | Queue | Archer |
| 15:18 | Queue | Villager (Male) |
| 15:29 | Queue | Archer |
| 15:47 | Queue | Archer |
| 15:50 | Queue | Villager (Male) |
| 15:53 | Build | Market |
| 16:04 | Build | House |
| 16:18 | Queue | Villager (Male) |
| 16:29 | Queue | Scout Cavalry |
| 16:29 | Queue | Scout Cavalry |
| 16:29 | Queue | Scout Cavalry |
| 16:43 | Queue | Villager (Male) |
| 16:43 | Queue | Villager (Male) |
| 16:45 | Build | Farm |
| 16:54 | Build | Watch Tower |
| 17:01 | Research | Fletching |
| 17:01 | Research | Fletching |
| 17:03 | Queue | Archer |
| 17:03 | Queue | Archer |
| 17:18 | Queue | Villager (Male) |
| 17:43 | Build | House |
| 17:55 | Queue | Villager (Male) |
| 17:55 | Queue | Villager (Male) |
| 17:55 | Queue | Villager (Male) |
| 18:12 | Queue | Archer |
| 18:28 | Queue | Villager (Male) |
| 18:28 | Queue | Villager (Male) |
| 18:30 | Build | Farm |
| 18:31 | Build | Farm |
| 18:33 | Build | Farm |
| 18:34 | Build | Farm |
| 18:43 | Queue | Scout Cavalry |
| 18:46 | Queue | Villager (Male) |
| 18:49 | Build | Farm |
| 18:49 | Build | Farm |
| 18:49 | Build | Farm |
| 18:50 | Build | Farm |
| 18:50 | Build | Farm |
| 18:50 | Build | Farm |
| 18:50 | Build | Farm |
| 18:52 | Build | House |
| 18:53 | Build | House |
| 19:05 | Research | Padded Archer Armor |
| 19:22 | Queue | Villager (Male) |
| 19:28 | Queue | Villager (Male) |
| 19:30 | Build | Farm |
| 19:32 | Queue | Villager (Male) |
| 19:38 | Build | Mill |
| 19:38 | Build | Farm |
| 19:38 | Build | Farm |
| 19:39 | Build | Farm |
| 19:39 | Build | Farm |
| 19:39 | Build | Farm |
| 19:48 | Queue | Scout Cavalry |
| 20:28 | Build | House |
| 20:33 | Build | Farm |
| 20:34 | Build | Farm |
| 20:34 | Build | Farm |
| 20:34 | Build | Farm |
| 20:51 | Build | Farm |
| 21:09 | Queue | Archer |
| 21:09 | Queue | Archer |
| 21:45 | Research | Castle Age |
| 21:45 | Research | Castle Age |
| 22:08 | Build | Watch Tower |
| 22:12 | Queue | Archer |
| 22:23 | Build | House |
| 22:23 | Build | House |
| 22:24 | Build | House |
| 22:30 | Research | Scale Barding Armor |
| 23:09 | Queue | Villager (Male) |
Build order — Mitch
First 150 of 258 actions detected
| 0:00 | Queue | Villager (Male) |
| 0:01 | Queue | Villager (Male) |
| 0:01 | Queue | Villager (Male) |
| 0:01 | Queue | Villager (Male) |
| 0:02 | Build | House |
| 0:04 | Build | House |
| 1:30 | Queue | Villager (Male) |
| 1:30 | Queue | Villager (Male) |
| 1:52 | Build | Lumber Camp |
| 2:01 | Queue | Villager (Male) |
| 2:21 | Queue | Villager (Male) |
| 2:21 | Queue | Villager (Male) |
| 2:47 | Queue | Villager (Male) |
| 2:47 | Queue | Villager (Male) |
| 2:59 | Queue | Villager (Male) |
| 2:59 | Queue | Villager (Male) |
| 3:06 | Build | House |
| 3:38 | Queue | Villager (Male) |
| 3:39 | Queue | Villager (Male) |
| 3:58 | Queue | Villager (Male) |
| 4:07 | Build | House |
| 4:31 | Queue | Villager (Male) |
| 4:31 | Queue | Villager (Male) |
| 4:50 | Build | Palisade Wall |
| 4:53 | Build | Palisade Wall |
| 5:14 | Queue | Villager (Male) |
| 5:30 | Build | Mill |
| 5:46 | Queue | Villager (Male) |
| 6:02 | Queue | Villager (Male) |
| 6:36 | Build | Palisade Wall |
| 6:38 | Queue | Villager (Male) |
| 6:39 | Queue | Villager (Male) |
| 6:51 | Research | Loom |
| 7:26 | Research | Feudal Age |
| 7:49 | Build | Mill |
| 8:04 | Build | House |
| 8:06 | Build | Palisade Wall |
| 8:06 | Build | Palisade Wall |
| 8:30 | Queue | Villager (Male) |
| 8:50 | Build | Palisade Wall |
| 9:26 | Build | Barracks |
| 9:41 | Age | Feudal Age |
| 9:44 | Research | Double-Bit Axe |
| 9:53 | Queue | Villager (Male) |
| 10:00 | Research | Horse Collar |
| 10:01 | Research | Horse Collar |
| 10:18 | Queue | Villager (Male) |
| 10:27 | Queue | Villager (Male) |
| 10:39 | Queue | Spearman |
| 10:58 | Build | Archery Range |
| 11:09 | Build | Palisade Wall |
| 11:11 | Queue | Villager (Male) |
| 11:15 | Queue | Spearman |
| 11:20 | Build | Palisade Wall |
| 11:27 | Build | Mining Camp |
| 11:44 | Queue | Archer |
| 11:49 | Queue | Villager (Male) |
| 11:53 | Build | House |
| 12:09 | Build | House |
| 12:26 | Build | Palisade Wall |
| 12:29 | Build | Palisade Wall |
| 12:35 | Queue | Villager (Male) |
| 12:38 | Build | Farm |
| 12:39 | Queue | Archer |
| 12:42 | Build | Farm |
| 12:49 | Build | House |
| 12:51 | Queue | Villager (Male) |
| 13:05 | Queue | Skirmisher |
| 13:08 | Build | Farm |
| 13:11 | Queue | Villager (Male) |
| 13:33 | Build | Farm |
| 13:33 | Queue | Villager (Male) |
| 13:34 | Queue | Skirmisher |
| 13:51 | Build | House |
| 14:18 | Build | Lumber Camp |
| 14:21 | Queue | Villager (Male) |
| 14:21 | Queue | Villager (Male) |
| 14:28 | Build | Farm |
| 14:49 | Queue | Archer |
| 14:57 | Build | House |
| 15:08 | Build | House |
| 15:11 | Build | House |
| 15:15 | Build | House |
| 15:18 | Queue | Villager (Male) |
| 15:19 | Queue | Villager (Male) |
| 15:20 | Queue | Archer |
| 15:45 | Build | Palisade Wall |
| 15:47 | Build | Palisade Wall |
| 15:48 | Build | Palisade Wall |
| 15:50 | Queue | Villager (Male) |
| 15:54 | Build | Lumber Camp |
| 15:57 | Build | Farm |
| 16:18 | Queue | Villager (Male) |
| 16:38 | Build | Blacksmith |
| 16:43 | Build | Farm |
| 16:56 | Queue | Villager (Male) |
| 17:00 | Build | Farm |
| 17:03 | Build | Farm |
| 17:07 | Build | Farm |
| 17:10 | Build | Farm |
| 17:18 | Build | Watch Tower |
| 17:22 | Queue | Villager (Male) |
| 17:30 | Queue | Skirmisher |
| 18:04 | Research | Padded Archer Armor |
| 18:04 | Research | Padded Archer Armor |
| 18:12 | Queue | Villager (Male) |
| 18:13 | Queue | Villager (Male) |
| 18:22 | Research | Fletching |
| 18:22 | Research | Fletching |
| 18:23 | Queue | Skirmisher |
| 18:28 | Build | Farm |
| 18:28 | Build | Farm |
| 18:29 | Build | Farm |
| 18:29 | Build | Farm |
| 18:29 | Build | Farm |
| 18:29 | Build | Farm |
| 18:30 | Build | Farm |
| 18:34 | Build | Farm |
| 18:34 | Build | Farm |
| 18:40 | Build | Mining Camp |
| 18:42 | Queue | Villager (Male) |
| 19:03 | Queue | Villager (Male) |
| 19:07 | Queue | Skirmisher |
| 19:34 | Queue | Villager (Male) |
| 19:43 | Queue | Skirmisher |
| 19:49 | Build | Market |
| 19:57 | Research | Wheelbarrow |
| 20:00 | Build | Farm |
| 20:03 | Build | Farm |
| 20:05 | Build | Farm |
| 20:16 | Queue | Skirmisher |
| 20:45 | Queue | Skirmisher |
| 21:12 | Build | Farm |
| 21:37 | Research | Castle Age |
| 21:53 | Research | Gold Mining |
| 21:58 | Research | Stone Mining |
| 22:17 | Queue | Skirmisher |
| 22:27 | Build | Archery Range |
| 22:30 | Build | Archery Range |
| 22:50 | Build | Stable |
| 23:03 | Queue | Skirmisher |
| 23:46 | Research | Bloodlines |
| 23:57 | Queue | Villager (Male) |
| 24:17 | Age | Castle Age |
| 24:35 | Research | Elite Skirmisher (upgrade) |
| 24:37 | Research | Bodkin Arrow |
| 24:37 | Research | Bodkin Arrow |
| 24:50 | Build | Castle |
| 24:53 | Queue | Villager (Male) |
| 24:57 | Build | House |
Match timeline
| 4:50 | Mitch · wall_segment Palisade Wall x6 |
| 4:53 | Mitch · wall_segment Palisade Wall x4 |
| 6:36 | Mitch · wall_segment Palisade Wall x7 |
| 7:08 | Skunk77 · first_building Barracks |
| 8:06 | Mitch · wall_segment Palisade Wall x1 |
| 8:06 | Mitch · wall_segment Palisade Wall x1 |
| 8:28 | Skunk77 · age_up feudal |
| 8:29 | Skunk77 · first_building Stable |
| 8:50 | Mitch · wall_segment Palisade Wall x6 |
| 9:16 | Skunk77 · wall_segment Palisade Wall x4 |
| 9:26 | Mitch · first_building Barracks |
| 9:41 | Mitch · age_up feudal |
| 10:58 | Mitch · first_building Archery Range |
| 11:09 | Mitch · wall_segment Palisade Wall x1 |
| 11:15 | Skunk77 · first_building Archery Range |
| 11:20 | Mitch · wall_segment Palisade Wall x1 |
| 12:26 | Mitch · wall_segment Palisade Wall x7 |
| 12:29 | Mitch · wall_segment Palisade Wall x5 |
| 15:45 | Mitch · wall_segment Palisade Wall x1 |
| 15:47 | Mitch · wall_segment Palisade Wall x1 |
| 15:48 | Mitch · wall_segment Palisade Wall x1 |
| 21:00 | Mitch · first_market_buy 100 food |
| 21:12 | Skunk77 · first_market_buy 100 food |
| 22:50 | Mitch · first_building Stable |
| 24:14 | Skunk77 · age_up castle |
| 24:17 | Mitch · age_up castle |
| 24:22 | Skunk77 · first_market_sell 100 wood |
| 24:32 | Skunk77 · first_building Siege Workshop |
| 24:34 | Mitch · first_market_sell 100 food |
| 24:50 | Mitch · first_building Castle |
| 32:34 | Skunk77 · first_building Monastery |
| 34:18 | Skunk77 · first_building Castle |
| 36:24 | Mitch · first_building Siege Workshop |
| 37:45 | Mitch · age_up imperial |
| 38:12 | Skunk77 · resign |
[ AI ANALYSIS · 1 CREDIT ]
What really happened in this match?
Wolo.gg analyzes every decision: build order, eco, micro, common mistakes by bracket. Personalized analysis on WhatsApp or Discord in 30 seconds.
Civ guide
Persians
Perfil
Jugador #4373854